 Dungeon Crawl Stone Soup version 0.20-a0-2-g2b0e13a (webtiles) character file.

23 Duralumin the Poker (level 2, -5/26 HPs)
             Began as a Centaur Chaos Knight on Oct 28, 2016.
             Slain by Terence
             ... wielding a +0 flail
              (10 damage)
             ... on level 2 of the Dungeon.
             The game lasted 00:03:07 (686 turns).

Duralumin the Poker (Centaur Chaos Knight)           Turns: 686, Time: 00:03:09

Health: -5/26      AC:  6    Str: 14    XL:     2   Next: 72%
Magic:  2/2        EV:  9    Int: 11    God:    Xom [..*...]
Gold:   6          SH:  0    Dex:  8    Spells: 0 memorised, 1 level left

rFire  . . .     SeeInvis .     a - +0 spear (chaos)
rCold  . . .     Gourm    .     b - +2 leather armour
rNeg   . . .     Faith    .     (no shield)
rPois  .         Spirit   .     (no helmet)
rElec  .         Reflect  .     (no cloak)
rCorr  .         Harm     .     (no gloves)
MR     .....                    (no barding)
Stlth  ..........               (no amulet)
                                (no ring)
                                (no ring)

@: very quick
A: hooves 3, deformed body, speed 2, mutation resistance 1, tough skin 3
a: Renounce Religion


You were on level 2 of the Dungeon.
You worshipped Xom.
You were a toy of Xom.
You were not hungry.

You visited 1 branch of the dungeon, and saw 2 of its levels.

You collected 6 gold pieces.

Inventory:

Hand Weapons
 a - a +0 spear of chaos (weapon)
Missiles
 d - 32 arrows
 l - 18 poisoned needles
Armour
 b - a +2 leather armour (worn)
Jewellery
 i - a +2 ring of evasion {unknown}
Wands
 f - a wand of lightning (3/15)
Scrolls
 e - 3 scrolls of remove curse {unknown}
 g - a scroll of recharging {unknown}
 h - 2 scrolls of identify {unknown}
Comestibles
 c - 3 bread rations
 k - a chunk of flesh


   Skills:
 - Level 3.0 Fighting
 + Level 3.6 Polearms
 - Level 1.3 Armour
 - Level 0.6 Dodging


You had one spell level left.
You didn't know any spells.

Dungeon Overview and Level Annotations

Branches:
Dungeon (2/15)

Altars:

Annotations:
D:2 Terence


Innate Abilities, Weirdness & Mutations

You have hooves in place of feet.
Armour fits poorly on your strangely shaped body.
You cover ground very quickly.
You have extremely tough skin. (AC +3)
You are somewhat resistant to further mutation.


Message History

Terence is almost dead.
Evoking this partially-identified wand wasted a few charges.
Terence barely misses you.
Evoke which item? (* to show all) (? for menu, Esc to quit)
Zapping:
f - a wand of lightning {zapped: 6} (will waste charges)
Press: ? - help, Shift-Dir - straight line
Okay, then.
You barely miss Terence.
Terence is almost dead.
Terence barely misses you.
Evoke which item? (* to show all) (? for menu, Esc to quit)
Zapping:
f - a wand of lightning {zapped: 6} (will waste charges)
Press: ? - help, Shift-Dir - straight line You hear a mighty clap of thunder!
The bolt of lightning misses Terence.
Evoking this partially-identified wand wasted a few charges.
Terence hits you with a flail.
* * * LOW HITPOINT WARNING * * *
Terence hits you with a flail!
You die...

....$..........#
#....##.
...............#
#....###
..$............# #....#
# ........g......#
#....# #
.......#.......# #.####
#
.....###.......###'####
# .... #..............#
# ..@ #@###........†.#
# .. #c# #..........###
. #)# #............#
[.# #............# ...+
+............# ....#
#............# .....#
#..........### ......#
#..........# #...####
#..........#
#..........#


You could see Terence (berserk) and a hobgoblin (paralysed).

Vanquished Creatures
  An ooze (D:1)
  A worm (D:2)
  A dart slug (D:1)
  A giant cockroach (D:1)
  2 goblins (D:1)
  A hobgoblin (D:2)
  4 bats
  2 kobolds
  2 rats (D:1)
15 creatures vanquished.

Notes
Turn   | Place    | Note
-------+----------+-------------------------------------------
     0 | D:1      | Duralumin the Centaur Chaos Knight began the quest for the Orb.
     0 | D:1      | Reached XP level 1. HP: 19/19 MP: 1/1
    50 | D:1      | XOM: divination: detect items
   212 | D:1      | Reached XP level 2. HP: 26/26 MP: 2/2
   232 | D:1      | XOM: harmless Summ miscast
   284 | D:1      | XOM: noise
   664 | D:2      | Noticed Terence
   675 | D:2      | XOM: enchant monster (good)
   682 | D:2      | Gained mutation: You are somewhat resistant to further mutation. [potion of mutation]
   686 | D:2      | Slain by Terence

Vault maps used:
D:1:      nicolae_arrival_washed_ashore, minmay_misc_feat_rows
D:2:      minmay_pentomino_w2, uniq_terence

Skill      XL: |  1 |
---------------+----+-----
Polearms       | 3 |  3.6
Fighting       | |  3.0
Armour         | |  1.3
Dodging        | |  0.6

Action                   || total
-------------------------++-------
Melee: Spear             ||    60
       Kick              ||     9
Evoke: Wand              ||     3
  Use: Potion            ||     1
 Stab: Paralysed         ||     1
Armor: Leather armour    ||    11
Dodge: Dodged            ||    14
